General information
- name: BNet
- type: Ladder team game (AT/RT)
- host: Battle.net
- saver: DOGSANDHORSE.RU
map: UpperKingdom
- players: 6
- length: 53:56
- speed: Fast
- version: 1.24 W3XP
- replay type:

» download(387 KB)
Players
team 1 (loser)
LeanTheBean (
yellow | 33 APM | 1759 actions | 53:49)
5 Priestess of the Moon
3 Trueshot Aura
1 Searing Arrows
1 Scout
4 Dark Ranger
1 Black Arrow
2 Silence
1 Life Drain
» actions
| Basic commands | 428 | |
| Build / train | 98 | |
| ESC pressed | 15 | |
| Enter build submenu | 51 | |
| Enter hero's abilities submenu | 10 | |
| Right click | 290 | |
| Select / deselect | 645 | |
| Use ability | 222 | |
1759 total
» units
| Wisp | 52 | |
| Huntress | 6 | |
| Dryad | 8 | |
| Mountain Giant | 5 | |
71 total
» upgrades
| Moon Armor | 1 | |
| Reinforced Hides | 2 | |
| Sentinel | 1 | |
| Abolish Magic | 1 | |
| Strength of the Wild | 2 | |
| Resistant Skin | 1 | |
| Hardened Skin | 1 | |
| Nature's Blessing | 1 | |
10 total
» buildings
| Altar of Elders | 3 | |
| Moon Well | 18 | |
| Hunter's Hall | 1 | |
| Ancient of War | 1 | |
| Ancient of Wonders | 2 | |
| Tree of Ages | 3 | |
| Ancient Protector | 17 | |
| Ancient of Lore | 2 | |
| Tree of Eternity | 1 | |
| Tree of Life | 5 | |
53 total
» build order
00:19 Altar of Elders
00:35 Moon Well
01:40 Hunter's Hall
01:48 Moon Well
02:06 Ancient of War
04:13 Ancient of Wonders
04:27 Moon Well
05:55 Ancient of Wonders
06:56 Tree of Ages
07:00 Moon Well
07:08 Ancient Protector
08:45 Moon Well
09:24 Ancient of Lore
09:26 Ancient of Lore
11:11 Moon Well
13:36 Moon Well
15:32 Moon Well
17:29 Moon Well
18:45 Tree of Eternity
20:16 Tree of Life
23:36 Tree of Life
23:49 Tree of Life
28:48 Tree of Life
33:01 Ancient Protector
33:02 Ancient Protector
33:12 Ancient Protector
33:26 Ancient Protector
33:54 Ancient Protector
33:57 Ancient Protector
34:02 Ancient Protector
34:08 Ancient Protector
34:50 Ancient Protector
35:44 Ancient Protector
37:07 Ancient Protector
37:09 Ancient Protector
37:12 Ancient Protector
37:18 Ancient Protector
37:21 Ancient Protector
37:39 Ancient Protector
39:10 Tree of Life
43:37 Altar of Elders
43:42 Moon Well
43:46 Moon Well
43:57 Moon Well
43:58 Moon Well
44:05 Moon Well
45:36 Tree of Ages
45:41 Tree of Ages
49:31 Moon Well
49:38 Moon Well
49:43 Moon Well
49:45 Moon Well
51:05 Altar of Elders
» items
| Dust of Appearance | 1 | |
| Scroll of Town Portal | 1 | |
2 total
pup_pink (
orange | 65 APM | 3493 actions | 53:44)
6 Pandaren Brewmaster
3 Breath of Fire
2 Drunken Haze
1 Storm Earth and Fire
4 Shadow Hunter
2 Hex
2 Healing Wave
3 Far Seer
2 Far Sight
1 Chain Lighting
» actions
| Assign group hotkey | 61 | |
| Basic commands | 223 | |
| Build / train | 105 | |
| ESC pressed | 1 | |
| Enter build submenu | 38 | |
| Enter hero's abilities submenu | 13 | |
| Give item / drop item | 4 | |
| Remove unit from queue | 1 | |
| Right click | 1759 | |
| Select / deselect | 784 | |
| Select group hotkey | 307 | |
| Use ability | 197 | |
3493 total
» units
| Peon | 14 | |
| Grunt | 5 | |
| Spirit Walker | 5 | |
| Tauren | 3 | |
| Troll Batrider | 13 | |
| Troll Witch Doctor | 4 | |
| Troll Headhunter/Berserker | 6 | |
| Wind Rider | 3 | |
53 total
» upgrades
| Melee Weapons | 2 | |
| Armor | 3 | |
| Spirit Walker Training | 2 | |
| Pulverize | 1 | |
| Reinforced Defenses | 1 | |
| Spiked Barricades | 2 | |
| Witch Doctor Training | 2 | |
| Ensnare | 1 | |
| Berserker Upgrade | 1 | |
| Ranged Weapons | 3 | |
| Envenomed Spears | 1 | |
19 total
» buildings
| Altar of Storms | 1 | |
| Orc Burrow | 6 | |
| Barracks | 2 | |
| Voodoo Lounge | 1 | |
| Stronghold | 1 | |
| War Mill | 1 | |
| Spirit Lodge | 1 | |
| Fortress | 1 | |
| Tauren Totem | 2 | |
| Watch Tower | 15 | |
| Great Hall | 3 | |
| Beastiary | 2 | |
36 total
» build order
00:17 Altar of Storms
00:25 Orc Burrow
00:57 Barracks
01:25 Orc Burrow
03:03 Voodoo Lounge
04:33 Stronghold
04:59 Orc Burrow
05:23 War Mill
06:47 Orc Burrow
07:05 Spirit Lodge
08:22 Fortress
10:40 Orc Burrow
11:11 Tauren Totem
11:15 Tauren Totem
11:38 Orc Burrow
15:01 Watch Tower
15:12 Watch Tower
16:26 Watch Tower
17:02 Watch Tower
17:08 Watch Tower
17:39 Watch Tower
18:13 Great Hall
18:21 Watch Tower
18:39 Great Hall
18:52 Watch Tower
21:00 Great Hall
22:29 Beastiary
23:34 Watch Tower
24:24 Watch Tower
26:31 Watch Tower
27:38 Watch Tower
29:50 Watch Tower
29:53 Watch Tower
34:52 Barracks
42:50 Beastiary
43:12 Watch Tower
» items
| Healing Salve | 3 | |
| Scroll of Speed | 1 | |
| Orb of Lightning | 1 | |
| Potion of Healing | 5 | |
| Scroll of Town Portal | 2 | |
| Scroll of Healing | 1 | |
| Orb of Corruption | 1 | |
14 total
Ur_DeaD_ (
blue | 34 APM | 1848 actions | 53:52)
6 Death Knight
2 Death Coil
3 Unholy Aura
1 Animate Dead
3 Dreadlord
2 Vampiric Aura
1 Sleep
3 Lich
2 Frost Nova
1 Frost Armor
1 Shadow Hunter
1 Healing Wave
» actions
| Basic commands | 123 | |
| Build / train | 143 | |
| ESC pressed | 12 | |
| Enter build submenu | 60 | |
| Enter hero's abilities submenu | 13 | |
| Right click | 552 | |
| Select / deselect | 806 | |
| Use ability | 139 | |
1848 total
» units
| Acolyte | 31 | |
| Ghoul | 9 | |
| Frost Wyrm | 13 | |
| Meatwagon | 10 | |
| Abomination | 7 | |
| Obsidian Statue | 5 | |
| Crypt Fiend | 11 | |
| Necromancer | 7 | |
93 total
» upgrades
| Creature Attack | 3 | |
| Creature Carapace | 3 | |
| Freezing Breath | 1 | |
| Unholy Armor | 3 | |
| Unholy Strength | 2 | |
| Disease Cloud | 1 | |
| Web | 1 | |
| Exhume Corpses | 1 | |
| Necromancer Training | 1 | |
| Skeletal Longevity | 1 | |
17 total
» buildings
| Crypt | 3 | |
| Ziggurat | 19 | |
| Altar of Darkness | 2 | |
| Nerubian Tower | 1 | |
| Halls of the Dead | 2 | |
| Tomb of Relics | 2 | |
| Black Citadel | 2 | |
| Graveyard | 2 | |
| Spirit Tower | 8 | |
| Sacrificial Pit | 1 | |
| Boneyard | 4 | |
| Slaughterhouse | 3 | |
| Necropolis | 2 | |
| Temple of the Damned | 1 | |
52 total
» build order
00:16 Crypt
00:19 Ziggurat
00:43 Altar of Darkness
01:29 Ziggurat
03:05 Nerubian Tower
04:14 Ziggurat
04:20 Halls of the Dead
05:56 Tomb of Relics
06:42 Black Citadel
06:49 Crypt
06:56 Graveyard
07:20 Ziggurat
07:22 Ziggurat
07:26 Ziggurat
07:29 Ziggurat
07:59 Ziggurat
08:02 Ziggurat
08:23 Spirit Tower
08:53 Spirit Tower
08:54 Spirit Tower
09:28 Sacrificial Pit
09:31 Spirit Tower
10:19 Boneyard
10:26 Boneyard
10:30 Boneyard
10:34 Boneyard
18:11 Slaughterhouse
18:18 Slaughterhouse
22:41 Ziggurat
22:44 Ziggurat
22:46 Ziggurat
22:49 Ziggurat
22:51 Ziggurat
22:55 Ziggurat
26:50 Necropolis
27:09 Crypt
27:24 Spirit Tower
27:29 Ziggurat
28:15 Ziggurat
28:33 Ziggurat
28:35 Halls of the Dead
28:39 Ziggurat
29:41 Altar of Darkness
30:09 Spirit Tower
31:40 Spirit Tower
31:42 Spirit Tower
32:44 Necropolis
33:42 Black Citadel
35:41 Tomb of Relics
36:13 Graveyard
38:51 Slaughterhouse
44:11 Temple of the Damned
» items
| Orb of Corruption | 1 | |
| Dust of Appearance | 1 | |
| Scroll of Town Portal | 1 | |
| Potion of Healing | 1 | |
4 total
team 2 (winner)
DOGSANDHORSE.RU (
teal | 148 APM | 7980 actions | 53:56)
5 Archmage
3 Blizzard
2 Brilliance Aura
5 Mountain King
3 Storm Bolt
2 Bash
5 Paladin
3 Holy Light
2 Divine Shield
» actions
| Assign group hotkey | 16 | |
| Basic commands | 2 | |
| Build / train | 150 | |
| Enter build submenu | 88 | |
| Enter hero's abilities submenu | 16 | |
| Give item / drop item | 1 | |
| Remove unit from queue | 2 | |
| Right click | 5679 | |
| Select / deselect | 664 | |
| Select group hotkey | 915 | |
| Use ability | 441 | |
7980 total
» units
| Peasant | 26 | |
| Priest | 2 | |
| Sorceress | 1 | |
| Dragonhawk Rider | 10 | |
39 total
» upgrades
| Masonry | 3 | |
| Lumber Harvesting | 2 | |
| Magic Sentry | 1 | |
| Priest Training | 1 | |
| Sorceress Training | 1 | |
| Animal War Training | 1 | |
| Swords | 3 | |
| Armor | 5 | |
| Cloud | 1 | |
18 total
» buildings
| Altar of Kings | 1 | |
| Farm | 7 | |
| Lumber Mill | 1 | |
| Arcane Vault | 2 | |
| Scout Tower | 111 | |
| Arcane Tower | 11 | |
| Guard Tower | 40 | |
| Keep | 1 | |
| Castle | 1 | |
| Town Hall | 4 | |
| Arcane Sanctum | 1 | |
| Gryphon Aviary | 2 | |
| Blacksmith | 1 | |
| Barracks | 1 | |
184 total
» build order
00:10 Altar of Kings
00:19 Farm
00:52 Lumber Mill
00:58 Farm
01:08 Arcane Vault
01:17 Scout Tower
01:51 Arcane Tower
01:51 Arcane Tower
01:52 Arcane Tower
01:52 Arcane Tower
02:03 Farm
02:08 Farm
02:32 Scout Tower
02:32 Scout Tower
03:07 Guard Tower
03:09 Scout Tower
03:11 Scout Tower
03:33 Keep
03:34 Guard Tower
04:05 Guard Tower
04:08 Scout Tower
04:09 Scout Tower
04:10 Scout Tower
04:11 Scout Tower
04:12 Scout Tower
04:13 Scout Tower
04:14 Scout Tower
05:15 Guard Tower
05:34 Guard Tower
05:49 Scout Tower
05:49 Scout Tower
05:50 Scout Tower
05:54 Scout Tower
05:54 Scout Tower
05:55 Scout Tower
06:22 Guard Tower
06:35 Guard Tower
06:52 Guard Tower
07:24 Guard Tower
08:38 Guard Tower
08:40 Castle
09:43 Town Hall
09:47 Scout Tower
09:48 Scout Tower
09:49 Scout Tower
09:50 Scout Tower
09:55 Arcane Sanctum
10:17 Arcane Tower
10:18 Guard Tower
10:51 Guard Tower
11:49 Guard Tower
11:50 Guard Tower
11:52 Scout Tower
12:46 Guard Tower
12:47 Scout Tower
12:48 Scout Tower
12:48 Scout Tower
13:05 Gryphon Aviary
13:10 Blacksmith
13:11 Barracks
13:39 Guard Tower
13:41 Scout Tower
14:13 Guard Tower
15:23 Gryphon Aviary
15:24 Farm
17:23 Guard Tower
17:25 Scout Tower
17:26 Scout Tower
17:26 Scout Tower
18:31 Scout Tower
18:33 Scout Tower
18:36 Scout Tower
18:47 Town Hall
18:50 Scout Tower
18:51 Scout Tower
20:10 Guard Tower
20:46 Scout Tower
20:47 Scout Tower
20:49 Scout Tower
22:16 Arcane Vault
22:38 Guard Tower
24:43 Scout Tower
24:45 Scout Tower
24:46 Scout Tower
25:12 Guard Tower
26:33 Guard Tower
26:34 Scout Tower
26:34 Scout Tower
26:36 Scout Tower
26:39 Scout Tower
27:04 Farm
27:41 Guard Tower
27:42 Scout Tower
27:43 Scout Tower
27:43 Scout Tower
28:09 Guard Tower
28:09 Guard Tower
28:12 Arcane Tower
28:13 Arcane Tower
29:36 Farm
29:46 Town Hall
29:50 Scout Tower
29:51 Scout Tower
29:52 Scout Tower
30:10 Scout Tower
30:12 Scout Tower
30:27 Guard Tower
30:30 Scout Tower
31:39 Scout Tower
31:39 Scout Tower
31:40 Scout Tower
32:11 Guard Tower
33:12 Scout Tower
33:13 Scout Tower
33:14 Scout Tower
33:15 Scout Tower
33:16 Scout Tower
33:25 Guard Tower
33:30 Town Hall
33:34 Scout Tower
33:35 Scout Tower
33:35 Scout Tower
33:36 Scout Tower
34:44 Scout Tower
34:46 Scout Tower
34:46 Scout Tower
34:47 Scout Tower
34:49 Scout Tower
34:50 Scout Tower
34:50 Scout Tower
34:51 Scout Tower
34:52 Scout Tower
34:53 Scout Tower
34:54 Scout Tower
34:55 Scout Tower
34:55 Scout Tower
35:46 Guard Tower
37:05 Scout Tower
37:05 Scout Tower
37:06 Scout Tower
37:07 Scout Tower
37:09 Scout Tower
37:09 Scout Tower
37:10 Scout Tower
37:10 Scout Tower
37:11 Scout Tower
37:11 Scout Tower
37:12 Scout Tower
37:13 Scout Tower
37:13 Scout Tower
37:14 Scout Tower
37:15 Scout Tower
37:15 Scout Tower
38:06 Guard Tower
38:07 Scout Tower
38:19 Guard Tower
38:21 Scout Tower
38:24 Scout Tower
38:24 Scout Tower
38:41 Arcane Tower
38:42 Guard Tower
38:50 Guard Tower
39:22 Guard Tower
39:23 Scout Tower
39:24 Scout Tower
39:35 Guard Tower
39:39 Scout Tower
39:40 Scout Tower
39:45 Scout Tower
39:46 Scout Tower
39:50 Guard Tower
39:50 Guard Tower
39:51 Guard Tower
41:15 Scout Tower
41:16 Scout Tower
41:17 Scout Tower
41:18 Scout Tower
41:19 Scout Tower
41:20 Scout Tower
43:54 Guard Tower
45:53 Arcane Tower
» items
| Healing Salve | 2 | |
| Lesser Clarity Potion | 7 | |
| Scroll of Regeneration | 1 | |
| Orb of Lightning | 3 | |
| Scroll of Town Portal | 1 | |
| Staff of Sanctuary | 3 | |
17 total
Gobiner (
green | 50 APM | 2699 actions | 53:53)
4 Blademaster
2 Wind Walk
2 Critical Strike
5 Shadow Hunter
2 Hex
3 Healing Wave
» actions
| Assign group hotkey | 27 | |
| Basic commands | 27 | |
| Build / train | 120 | |
| ESC pressed | 3 | |
| Enter build submenu | 86 | |
| Enter hero's abilities submenu | 9 | |
| Give item / drop item | 1 | |
| Remove unit from queue | 1 | |
| Right click | 1089 | |
| Select / deselect | 435 | |
| Select group hotkey | 592 | |
| Use ability | 309 | |
2699 total
» units
| Peon | 40 | |
| Troll Batrider | 29 | |
| Demolisher | 1 | |
70 total
» upgrades
| Spiked Barricades | 1 | |
| Ranged Weapons | 3 | |
| Liquid Fire | 1 | |
| Reinforced Defenses | 1 | |
| Troll Regeneration | 1 | |
| Burning Oil | 1 | |
| Armor | 3 | |
| Berserker Upgrade | 1 | |
| Berserker Strength | 1 | |
| Ensnare | 1 | |
| Envenomed Spears | 1 | |
| War Drums Damage Increase | 1 | |
| Pillage | 1 | |
| Backpack | 1 | |
18 total
» buildings
| Altar of Storms | 1 | |
| Orc Burrow | 5 | |
| War Mill | 1 | |
| Watch Tower | 74 | |
| Voodoo Lounge | 1 | |
| Stronghold | 4 | |
| Fortress | 1 | |
| Beastiary | 3 | |
| Great Hall | 3 | |
| Barracks | 1 | |
94 total
» build order
00:06 Altar of Storms
00:18 Orc Burrow
00:30 War Mill
01:43 Watch Tower
01:55 Orc Burrow
02:06 Watch Tower
02:24 Voodoo Lounge
02:56 Watch Tower
03:37 Watch Tower
03:55 Watch Tower
04:18 Watch Tower
04:32 Stronghold
04:32 Stronghold
04:32 Stronghold
05:04 Watch Tower
05:33 Watch Tower
05:45 Watch Tower
06:16 Watch Tower
06:54 Fortress
07:02 Beastiary
07:03 Beastiary
07:11 Beastiary
07:15 Orc Burrow
07:16 Orc Burrow
07:16 Orc Burrow
07:21 Watch Tower
07:39 Watch Tower
08:17 Watch Tower
08:54 Watch Tower
09:26 Watch Tower
09:29 Watch Tower
10:33 Watch Tower
11:07 Watch Tower
14:26 Watch Tower
14:26 Watch Tower
15:15 Great Hall
16:46 Watch Tower
17:19 Watch Tower
17:19 Watch Tower
17:23 Watch Tower
17:46 Watch Tower
17:47 Watch Tower
17:56 Great Hall
18:04 Watch Tower
18:06 Watch Tower
18:11 Watch Tower
18:33 Watch Tower
18:34 Watch Tower
18:39 Watch Tower
19:15 Watch Tower
19:16 Watch Tower
19:28 Watch Tower
19:45 Watch Tower
20:43 Watch Tower
20:44 Watch Tower
20:47 Watch Tower
22:16 Watch Tower
22:16 Watch Tower
22:18 Watch Tower
23:26 Watch Tower
23:26 Watch Tower
23:28 Watch Tower
24:36 Watch Tower
24:37 Watch Tower
24:42 Watch Tower
24:53 Watch Tower
28:32 Watch Tower
28:35 Watch Tower
28:36 Watch Tower
29:24 Barracks
29:40 Great Hall
29:46 Watch Tower
29:47 Watch Tower
29:48 Watch Tower
29:49 Watch Tower
30:16 Watch Tower
30:16 Watch Tower
30:54 Watch Tower
30:55 Watch Tower
30:59 Watch Tower
30:59 Watch Tower
31:52 Watch Tower
31:54 Watch Tower
31:59 Watch Tower
32:00 Watch Tower
32:22 Watch Tower
32:23 Watch Tower
33:17 Watch Tower
33:19 Watch Tower
34:57 Watch Tower
34:57 Watch Tower
34:58 Watch Tower
34:58 Watch Tower
» items
| Lesser Clarity Potion | 5 | |
| Healing Salve | 2 | |
| Orb of Lightning | 2 | |
| Staff of Sanctuary | 2 | |
11 total
kunt.roII (
purple | 116 APM | 6229 actions | 53:53)
8 Blademaster
3 Wind Walk
3 Critical Strike
2 Bladestorm
6 Far Seer
3 Feral Spirit
3 Chain Lighting
6 Shadow Hunter
2 Healing Wave
3 Hex
1 Big Bad Voodoo
» actions
| Assign group hotkey | 73 | |
| Basic commands | 70 | |
| Build / train | 126 | |
| ESC pressed | 7 | |
| Enter build submenu | 91 | |
| Enter hero's abilities submenu | 21 | |
| Give item / drop item | 14 | |
| Remove unit from queue | 1 | |
| Right click | 3015 | |
| Select / deselect | 532 | |
| Select group hotkey | 1875 | |
| Use ability | 404 | |
6229 total
» units
» upgrades
| Spiked Barricades | 1 | |
| Liquid Fire | 1 | |
| Reinforced Defenses | 1 | |
3 total
» buildings
| Altar of Storms | 1 | |
| Orc Burrow | 4 | |
| Voodoo Lounge | 4 | |
| War Mill | 3 | |
| Watch Tower | 68 | |
| Stronghold | 2 | |
| Fortress | 2 | |
| Beastiary | 1 | |
| Great Hall | 2 | |
87 total
» build order
00:10 Altar of Storms
00:21 Orc Burrow
00:50 Voodoo Lounge
01:19 War Mill
01:54 Orc Burrow
02:32 Watch Tower
02:50 Watch Tower
03:44 Stronghold
04:12 Watch Tower
04:18 Watch Tower
04:35 Voodoo Lounge
05:36 Watch Tower
05:49 Watch Tower
05:55 Watch Tower
06:09 Fortress
06:44 Watch Tower
06:56 Watch Tower
07:32 Orc Burrow
07:33 Watch Tower
07:47 Watch Tower
08:24 Watch Tower
08:36 Watch Tower
09:22 Beastiary
09:26 Orc Burrow
11:10 Great Hall
11:12 Watch Tower
11:12 Watch Tower
13:29 Watch Tower
13:30 Watch Tower
13:35 Watch Tower
13:36 Watch Tower
14:44 Watch Tower
14:45 Watch Tower
14:49 Watch Tower
14:51 Watch Tower
15:10 Voodoo Lounge
15:34 Watch Tower
15:50 Watch Tower
15:50 Watch Tower
15:52 Watch Tower
15:53 Watch Tower
15:54 Watch Tower
16:22 Watch Tower
18:18 Watch Tower
18:19 Watch Tower
19:38 Watch Tower
19:38 Watch Tower
20:52 Watch Tower
20:53 Watch Tower
28:00 Watch Tower
29:37 Watch Tower
29:38 Watch Tower
29:40 Watch Tower
29:40 Watch Tower
30:46 Watch Tower
30:47 Watch Tower
30:48 Watch Tower
30:50 Watch Tower
32:25 Watch Tower
32:27 Watch Tower
32:28 Watch Tower
32:29 Watch Tower
32:46 Watch Tower
33:31 Great Hall
33:34 Watch Tower
33:59 Watch Tower
33:59 Watch Tower
34:46 War Mill
37:05 Voodoo Lounge
37:08 Watch Tower
37:09 Watch Tower
38:26 Watch Tower
38:27 Watch Tower
38:29 Watch Tower
38:29 Watch Tower
38:54 War Mill
45:58 Watch Tower
45:59 Watch Tower
45:59 Watch Tower
46:07 Watch Tower
46:07 Watch Tower
46:14 Watch Tower
46:15 Watch Tower
46:28 Watch Tower
» items
| Healing Salve | 5 | |
| Lesser Clarity Potion | 16 | |
| Scroll of Speed | 8 | |
| Orb of Lightning | 4 | |
| Scroll of Town Portal | 9 | |
| Staff of Sanctuary | 6 | |
| Potion of Mana | 2 | |
| Potion of Healing | 1 | |
51 total
Chat log
(00:13 / Allies) kunt.roII: cause its pretty bad
(00:16 / All) LeanTheBean: .RU?!?!?!?! are u the russian boy i've been searching for?!?!?!
(00:20 / All) DOGSANDHORSE.RU:
(00:21 / All) DOGSANDHORSE.RU: )
(00:24 / All) Ur_DeaD_: heh
(00:26 / All) Ur_DeaD_: GL fellas
(00:26 / Allies) kunt.roII:
(00:28 / All) kunt.roII:
(00:29 / All) DOGSANDHORSE.RU:
(00:32 / All) Gobiner:
(00:35 / All) DOGSANDHORSE.RU: ))
(00:52 / All) Gobiner: gl hf gg eta
(00:58 / All) Ur_DeaD_: yeah u 2
(01:00 / All) Ur_DeaD_: hey purple
(01:05 / All) kunt.roII:
(01:10 / All) Ur_DeaD_: is a cunt roll like a bagel
(01:14 / All) Ur_DeaD_: ?
(01:36 / All) DOGSANDHORSE.RU: bvta
(01:42 / Allies) kunt.roII: rofl
(03:20 / Allies) kunt.roII: lol
(03:49 / Allies) kunt.roII: ye
(04:23 / All) DOGSANDHORSE.RU: coil ))
(04:28 / All) DOGSANDHORSE.RU:
(04:58 / Allies) kunt.roII: orange has panda
(05:00 / Allies) kunt.roII: lol
(05:24 / Allies) DOGSANDHORSE.RU: 50food dhawk
(05:29 / Allies) DOGSANDHORSE.RU: am mk bm
(06:11 / Allies) kunt.roII: would be tuff
(06:20 / Allies) kunt.roII: yeah without crit very sketchy
(06:37 / Allies) kunt.roII: nice
(06:47 / Allies) kunt.roII: its all that dota
(07:56 / Allies) kunt.roII: yes
(08:47 / Allies) kunt.roII: woof woof
(09:05 / Allies) kunt.roII: he actually crept it im impressed
(09:30 / Allies) kunt.roII: rite
(09:33 / Allies) kunt.roII: half hp
(09:34 / Allies) kunt.roII: no mana
(09:39 / Allies) kunt.roII: o
(09:40 / Allies) kunt.roII: yea
(10:15 / Allies) kunt.roII: kay
(11:04 / Allies) kunt.roII: wekk'
(11:06 / Allies) kunt.roII: u got one already
(11:07 / Allies) kunt.roII: i dont
(13:03 / Allies) kunt.roII: only?
(13:12 / Allies) kunt.roII: mask is gay
(13:19 / Allies) kunt.roII: rather have purge orb
(14:17 / Allies) kunt.roII: they are
(14:20 / Allies) DOGSANDHORSE.RU: fakenoob pala
(16:35 / Allies) kunt.roII: shade
(16:44 / Allies) DOGSANDHORSE.RU: sight tower sent
(16:58 / Allies) kunt.roII: tower that imo
(19:29 / Allies) kunt.roII: back
(20:27 / All) kunt.roII: Thanks
(20:30 / All) DOGSANDHORSE.RU: ))
(20:32 / All) Ur_DeaD_: i know right
(20:33 / All) Ur_DeaD_: ,,,
(20:38 / All) kunt.roII: aww
(23:20 / Allies) kunt.roII: rofl
(24:25 / Allies) kunt.roII: revive tauren?!?!
(27:32 / Allies) kunt.roII: oh gay pound
(27:32 / Allies) kunt.roII: i had tp
(27:43 / Allies) kunt.roII: lol
(27:47 / Allies) kunt.roII: rofl
(28:49 / Allies) DOGSANDHORSE.RU: bats
(28:49 / Allies) DOGSANDHORSE.RU: go
(29:44 / Allies) kunt.roII: oh whhops
(30:04 / Allies) kunt.roII: dont wanna give
(30:09 / Allies) kunt.roII: but ok
(31:21 / Allies) kunt.roII: potm
(31:35 / Allies) kunt.roII: docs t.t
(33:25 / Allies) kunt.roII: they did
(33:55 / Allies) kunt.roII: fighting yello
(34:01 / Allies) kunt.roII: oh h mm
(34:09 / Allies) kunt.roII: tower to it
(34:10 / Allies) kunt.roII: imo
(34:22 / Allies) DOGSANDHORSE.RU: 5k gold
(34:23 / Allies) kunt.roII: u got the time n money
(34:23 / Allies) DOGSANDHORSE.RU: not worth
(34:27 / Allies) kunt.roII: we got the money
(35:02 / Allies) kunt.roII: thats a lil close
(35:25 / Allies) kunt.roII: ogh
(35:28 / Allies) kunt.roII: ohly 3k left i see
(35:41 / Allies) kunt.roII: haha
(38:17 / Allies) kunt.roII: for that 3k yeah
(38:58 / Allies) kunt.roII: ill harvest it
(39:18 / Allies) kunt.roII: wards i think
(39:35 / Allies) kunt.roII: ye
(40:37 / Allies) kunt.roII: o shit no mana lmao
(40:59 / Allies) kunt.roII: o well
(42:57 / Allies) kunt.roII: fuck lag
(44:12 / Allies) kunt.roII: i bet
(44:13 / Allies) kunt.roII: if u got a demo
(44:16 / Allies) kunt.roII: u could set it right there
(44:21 / Allies) kunt.roII: and then attack the mine
(44:32 / Allies) kunt.roII: i can tell
(44:38 / Allies) kunt.roII: no
(44:43 / All) Ur_DeaD_: this is boring
(44:46 / All) DOGSANDHORSE.RU: ))
(44:48 / All) kunt.roII: ur dead
(44:48 / All) Gobiner: so quit
(45:00 / All) kunt.roII: he'd rather play a boring game and lose
(45:03 / All) kunt.roII: than quit and lose
(45:07 / All) Ur_DeaD_: got ya
(45:09 / All) DOGSANDHORSE.RU: just kidding i spek eng ))
(45:14 / All) Ur_DeaD_: liol
(46:03 / Allies) kunt.roII: ill tower it closer
(47:51 / Allies) DOGSANDHORSE.RU: lol
(48:51 / Allies) kunt.roII: haha
(49:11 / Allies) DOGSANDHORSE.RU: who take
(49:18 / Allies) kunt.roII: u imo
(49:29 / All) Gobiner: my mines almost out
(50:14 / Allies) kunt.roII: ward
(50:15 / Allies) kunt.roII: shade
(50:16 / Allies) kunt.roII: reveal
(51:04 / All) DOGSANDHORSE.RU: lol
(51:05 / Allies) DOGSANDHORSE.RU: bye
(51:06 / All) DOGSANDHORSE.RU: bye
(52:29 / Allies) kunt.roII: lo
(52:59 / All) DOGSANDHORSE.RU: OUCH
(53:07 / Allies) kunt.roII: this is lol
(53:19 / All) kunt.roII: y are u still here
(53:24 / All) Ur_DeaD_: not sure at all
(53:28 / All) Ur_DeaD_: they wanna stand around
(53:31 / All) Ur_DeaD_: guess its fun
(53:33 / All) DOGSANDHORSE.RU: masochist
(53:36 / All) DOGSANDHORSE.RU: meganoob
(53:39 / All) DOGSANDHORSE.RU: what the diff?
(53:48 / All) DOGSANDHORSE.RU: que'est ce que le diff